 Dungeon Crawl Stone Soup version 0.28-a0-724-g66f9036eb4 (webtiles) character file.

Game seed: 14656434917045441962

51 pokeman the Magician (level 3, 0/20 HPs)
             Began as a Deep Elf Hedge Wizard on Oct 27, 2021.
             Succumbed to miscasting Mephitic Cloud's poison
             ... on level 2 of the Dungeon.
             The game lasted 00:03:59 (2326 turns).

pokeman the Magician (Deep Elf Hedge Wizard)        Turns: 2326, Time: 00:04:00

Health: 0/20       AC:  4    Str:  7    XL:     3   Next: 57%
Magic:  3/11       EV: 11    Int: 19    God:
Gold:   34         SH:  0    Dex: 14    Spells: 1/12 levels left

rFire   . . .      SeeInvis .   a - +0 dagger
rCold   . . .      Faith    .   (no shield)
rNeg    . . .      Spirit   .   e - +0 leather armour
rPois   .          Reflect  .   c - +0 hat
rElec   .          Harm     .   (no cloak)
rCorr   .          Rampage  .   d - +0 pair of gloves
Will    .....                   (no boots)
Stlth   ++........              (no amulet)
HPRegen 0.06/turn               (no ring)
MPRegen 0.12/turn               (no ring)

@: lethally poisoned (0 -> -1), very slightly contaminated
A: no striking features
a: no special abilities


You were on level 2 of the Dungeon.
You visited 1 branch of the dungeon, and saw 2 of its levels.

You collected 34 gold pieces.

Inventory:

Hand Weapons
 a - a +0 dagger (weapon)
Missiles
 g - 31 bolts
Armour
 c - a +0 hat (worn)
 d - a +0 pair of gloves (worn)
 e - a +0 leather armour (worn)
 h - a scarf of shadows
Scrolls
 f - a scroll of fear {unknown}
Potions
 b - a potion of heal wounds {unknown}


   Skills:
 - Level 1.0 Fighting
 - Level 1.0 Armour
 + Level 2.4 Dodging
 - Level 2.4 Stealth
 * Level 5.3 Spellcasting
 + Level 1.9 Conjurations
 - Level 1.1 Summonings
 - Level 1.1 Translocations
 + Level 0.0 Fire Magic


You had one spell level left.
You knew the following spells:

 Your Spells              Type           Power      Damage    Failure   Level
a - Magic Dart            Conj           48%        1d5       8%          1
b - Mephitic Cloud        Conj/Pois/Air  7%         N/A       38%         3
c - Call Imp              Summ           9%         N/A       17%         2
d - Blink                 Tloc           18%        N/A       17%         2
e - Conjure Flame         Conj/Fire      8%         6-21      34%         3

Your spell library contained the following spells:

 Spells                   Type           Power      Damage    Failure   Level
 Sting                    Tmut/Pois      20%        1d4       19%         1
 Poisonous Vapours        Pois/Air       10%        N/A       26%         2
 Slow                     Hex            5%         N/A       26%         2
 Olgreb's Toxic Radiance  Pois           5%         N/A       87%         4


Dungeon Overview and Level Annotations

Branches:
Dungeon (2/15)

Altars:

Annotations:
D:2 Natasha, Robin


Message History

Unknown command.
Robin roars a battlecry!
You hear a shout!
Casting: Magic Dart (safe; 8% risk of failure)
Confirm with . or Enter, or press ? or * to list all spells.
The spell is potentially lethal to cast (34% risk of failure)!
Continue anyway?
The fire begins to smoulder!
The fire ignites!
Casting: Conjure Flame (potentially lethal; 34% risk of failure)
Confirm with . or Enter, or press ? or * to list all spells.
The spell is potentially lethal to cast (38% risk of failure)!
Continue anyway?
Aiming: Mephitic Cloud (potentially lethal; 38% risk of failure)
Press: ? - help, Shift-Dir - straight line, f - Robin
Aim: Robin, wielding a +2 war axe of electrocution, wearing a +0 animal skin, wearing a +0 helmet and wearing a ring of ice (chance to affect: 91%)
You miscast Mephitic Cloud.
You are very lightly contaminated with residual magic.
Nothing appears to happen.
A bat comes into view.
The bat moves out of view.
Casting: Mephitic Cloud (potentially lethal; 38% risk of failure)
Confirm with . or Enter, or press ? or * to list all spells.
The spell is potentially lethal to cast (38% risk of failure)!
Continue anyway?
Aiming: Mephitic Cloud (potentially lethal; 38% risk of failure)
Press: ? - help, Shift-Dir - straight line, f/p - Robin
Aim: Robin, wielding a +2 war axe of electrocution, wearing a +0 animal skin, wearing a +0 helmet and wearing a ring of ice (chance to affect: 91%)
You miscast Mephitic Cloud.
You feel odd!
You are poisoned.
Ouch! That really hurt!
* * * LOW HITPOINT WARNING * * *
You feel sick.
* * * LOW HITPOINT WARNING * * *
You feel sick. Robin throws the goblin at you!
* * * LOW HITPOINT WARNING * * *
You feel sick.
The goblin no longer looks unusually strong.
The bat barely misses you. The goblin completely misses you.
* * * LOW HITPOINT WARNING * * *
You feel sick.
The goblin throws a stone.
The stone hits you.
* * * LOW HITPOINT WARNING * * *
You die...

#......# #......# #......#
#......# ## #!.....#
########. ##......#
#.....##. ######?......#
#.....##.
.............#####.....##<
.........@.............g.[
.###.b.#####.<..รท.....g..
.....).g...gg..#......###.
........####.#.)..##.## #g
......... .....#.###.# #.
#.......#.#.####.###.####.
...#....# ..###......##...
........###..#........g...
........# #...............


You could see a bat.

Vanquished Creatures
  A worm (D:2)
  6 ball pythons
  4 bats
  2 endoplasms (D:2)
  2 giant cockroaches
  9 goblins
  6 hobgoblins
  3 kobolds (D:1)
  A quokka (D:1)
  A frilled lizard (D:1)
  6 rats
41 creatures vanquished.

Vanquished Creatures (others)
  7 toadstools (D:1)
7 creatures vanquished.

Grand Total: 48 creatures vanquished

Notes
Turn   | Place    | Note
-------+----------+-------------------------------------------
     0 | D:1      | pokeman the Deep Elf Hedge Wizard began the quest for the
                  | Orb.
     0 | D:1      | Reached XP level 1. HP: 10/10 MP: 7/7
   421 | D:1      | Reached XP level 2. HP: 15/15 MP: 6/9
   764 | D:1      | Found a faded altar of an unknown god.
  1194 | D:2      | Reached skill level 5 in Spellcasting
  1195 | D:2      | Noticed Robin
  1423 | D:2      | Reached XP level 3. HP: 20/20 MP: 1/11
  1427 | D:2      | Learned a level 3 spell: Mephitic Cloud
  1430 | D:2      | Learned a level 2 spell: Call Imp
  1433 | D:2      | Learned a level 2 spell: Blink
  1437 | D:2      | Learned a level 3 spell: Conjure Flame
  1550 | D:2      | Noticed Natasha
  2014 | D:2      | Reached skill level 1 in Fighting
  2017 | D:1      | Reached skill level 1 in Armour
  2325 | D:2      | HP: 1/20 [goblin/stone[Robin] (1)]
  2326 | D:2      | Succumbed to miscasting Mephitic Cloud's poison

Illustrated notes

Levels and vault maps discovered:
D:1:      nagdon_arrival_double_spiral, layout_basic,
          ebering_ecumenical_altar_mist
D:2:      layout_rooms, minmay_misc_feat_plants, uniq_robin, uniq_natasha

Skill      XL: |  1  2  3 |
---------------+----------+-----
Spellcasting   | 5 |  5.3
Fighting       | 1 |  1.0
Armour         | 1 |  1.0
Dodging        | |  2.4
Stealth        | |  2.4
Conjurations   | |  1.9
Summonings     | |  1.1
Translocations | |  1.1

Action                   || total
-------------------------++-------
Melee: Dagger            ||     3
 Cast: Magic Dart        ||   106
       Conjure Flame     ||     1
       Mephitic Cloud    ||     1
Armor: Robe              ||     1
       Leather armour    ||    13
Dodge: Dodged            ||    19

Table legend: (Time is in decaauts)
 A = Elapsed time spent in this place.
 B = Non-inter-level travel time spent in this place.
 C = Inter-level travel time spent in this place.
 D = Time resting spent in this place.
 E = Time spent auto-exploring this place.
 F = Levels seen in this place.
 G = Mean time per level.
                   A        B        C        D        E       F      G
               +--------+--------+--------+--------+--------+-----+--------+
         Total |   2373 |   2006 |    367 |    530 |   1146 |   2 | 1186.5 |
       Dungeon |   2373 |   2006 |    367 |    530 |   1146 |   2 | 1186.5 |
               +--------+--------+--------+--------+--------+-----+--------+

Top non-repeatable levels by time:
     D:1: 2020 daAuts
     D:2: 352 daAuts
